 Dungeon Crawl Stone Soup version 0.31-a0-1009-g454b1f1e0a (webtiles) character file.

Game seed: 17149267209324476735

11 kae the Vexing (level 2, -2/19 HPs)
             Began as a Demonspawn Enchanter on Nov 14, 2023.
             Frozen to death by an endoplasm (5 damage)
             ... on level 1 of the Dungeon.
             The game lasted 00:00:30 (251 turns).

kae the Vexing (Demonspawn Enchanter)                Turns: 251, Time: 00:00:31

Health: -2/19      AC:  2    Str:  8    XL:     2   Next: 17%
Magic:  3/5        EV: 12    Int: 16    God:
Gold:   0          SH:  0    Dex: 13    Spells: 3/5 levels left

rFire   . . .        a - +1 dagger
rCold   . . .        (no shield)
rNeg    . . .        b - +0 robe
rPois   .            (no helmet)
rElec   .            (no cloak)
rCorr   .            (no gloves)
SInv    .            (no boots)
Will    .....        (no amulet)
Stlth   ++           (no ring)
HPRegen 0.23/turn    (no ring)
MPRegen 0.09/turn

%: no passive effects
@: no status effects
A: ignite blood 1
a: no special abilities


You were on level 1 of the Dungeon.
You visited 1 branch of the dungeon, and saw 1 of its levels.


Innate Abilities, Weirdness & Mutations

Your demonic aura sometimes causes spilled blood to erupt in flames.


   Skills:
 * Level 1.3 Short Blades
 - Level 1.7 Dodging
 + Level 2.8 Stealth
 + Level 2.1 Spellcasting
 * Level 3.2 Hexes


You had 3 spell levels left.
You knew the following spells:

 Your Spells              Type           Power      Damage    Failure   Level
a - Ensorcelled Hibernat  Hex/Ice        12%        N/A       16%         2

Your spell library contained the following spells:

 Spells                   Type           Power      Damage    Failure   Level
 Confusing Touch          Hex            12%        N/A       16%         3
 Tukima's Dance           Hex            12%        N/A       16%         3
 Dazzling Flash           Conj/Hex       12%        N/A       32%         3

Inventory:

Hand Weapons
 a - a +1 dagger (weapon)
Armour
 b - a +0 robe (worn)
Scrolls
 d - a scroll of enchant armour {unknown}
 e - a scroll of teleportation {unknown}
 f - a scroll of fog {unknown}
 g - a scroll of enchant weapon {unknown}
Potions
 c - 2 potions of invisibility

Dungeon Overview and Level Annotations

Branches:
Dungeon (1/15) Zot: 5750

Altars:

... # #... #### .. .#
#... #.. ... .#
#...####.##..# # .#
#............#.# .
#####.........#.....
.................#
.............@K...#
##>...........†.rJ...#
..# ##.........#..#
### #........?.....#
## #...#########...
.########...# .#
..#.........# #
....####....#
....####....#


You could see an endoplasm, a quokka and a kobold (asleep).


Message History

You barely miss the hobgoblin.
The hobgoblin hits you but does no damage.
A hobgoblin is nearby!
You closely miss the hobgoblin. Your punch misses the hobgoblin.
The hobgoblin closely misses you.
You hit the hobgoblin.
You kill the hobgoblin!
An endoplasm comes into view. 😕 HP[+2]
You regained 2 hp, and now have 11/13 hp.
An endoplasm is nearby!
Unknown command.
An endoplasm is nearby!
The endoplasm quivers.
You see here a scroll labelled YFEWKILANA.
You hit the endoplasm. The endoplasm hits you.
You hit the endoplasm. The endoplasm hits you. 😮 HP[-2]
You take 2 damage, and now have 9/13 hp.
An endoplasm is nearby!
You are too injured to fight recklessly!
You are too injured to fight recklessly!
An endoplasm is nearby!
An endoplasm is nearby!
You are too injured to fight recklessly!
You are too injured to fight recklessly!
An endoplasm is nearby!
You are too injured to fight recklessly!
You are too injured to fight recklessly!
Unknown command.
You hit the endoplasm.
You kill the endoplasm!
You have reached level 2!
Your demonic ancestry asserts itself...
Your blood heats up. 😮 HP[+4] MP[+2]
You now have 19 max hp (+6).
You regained 4 hp, and now have 13/19 hp.
Your mp is fully restored (5).
You start memorising the spell.
You continue memorising. x2
You finish memorising.
Spell assigned to 'a'. 😮 HP[+1]
g - a scroll labelled YFEWKILANA 😕 HP[+2]
You regained 2 hp, and now have 16/19 hp.
A goblin comes into view. It is wielding a +0 club.
The goblin moves out of view. 😎 HP[+3]
Your hp is fully restored (19).
A bat comes into view.
A bat is nearby!
A bat is nearby!
A quokka, a frilled lizard and a ball python come into view.
There are monsters nearby!
There are monsters nearby!
The helpless bat fails to defend itself.
You puncture the bat!
You kill the bat!
The frilled lizard barely misses you.
The kobold shouts!
You hit the frilled lizard.
You kill the frilled lizard!
There are monsters nearby!
An endoplasm comes into view.
You see here a bat corpse.
The ball python bites you. The ball python grabs you.
The ball python constricts you. The quokka bites you.
The ball python bites you.
The ball python constricts you. 😮 HP[-9]
You take 9 damage, and now have 10/19 hp.
MASSIVE DAMAGE!! (PAUSE)
You hit the ball python.
You kill the ball python!
The quokka misses you. The kobold hits you but does no damage.
The quokka misses you.
You see here a ball python corpse.
You hit the kobold. The quokka closely misses you.
The kobold hits you but does no damage. 😮 HP[+1]
You miss the quokka. The quokka bites you.
* * * LOW HITPOINT WARNING * * *
The kobold hits you with a +0 short sword.
* * * LOW HITPOINT WARNING * * *
The quokka barely misses you. 😱 HP[-8]
You take 8 damage, and now have 3/19 hp.
MASSIVE DAMAGE!! (PAUSE)
Okay, then.
You hit the quokka. The kobold barely misses you.
The quokka completely misses you.
Casting: Ensorcelled Hibernation (safe; 16% risk of failure)
Confirm with . or Enter, or press ? or * to list all spells.
Aiming: Ensorcelled Hibernation (safe; 16% risk of failure)
Press: ? - help, Shift-Dir - straight line, f - kobold
Aim: a kobold, wielding a +0 short sword (moderately wounded, chance to affect: 57%)
The kobold looks drowsy...
The endoplasm freezes you.
You are frozen.
You die...

Skill      XL: |  1 |
---------------+----+-----
Short Blades   | 1 |  1.3
Dodging        | |  1.7
Stealth        | |  2.8
Spellcasting   | |  2.1
Hexes          | |  3.2

Action                     || total
---------------------------++-------
  Melee: Dagger            ||    49
         Punch             ||     1
   Cast: Ensorcelled Hiber ||     1
   Stab: Sleeping          ||     1
 Armour: Robe              ||    29
  Dodge: Dodged            ||    31

Levels and vault maps discovered:
D:1:      lemuel_arrival_broad_hall, layout_loops_cross

Notes
Turn   | Place    | Note
-------+----------+-------------------------------------------
     0 | D:1      | kae the Demonspawn Enchanter began the quest for the Orb.
     0 | D:1      | Reached XP level 1. HP: 13/13 MP: 3/3
     0 | D:1      | magus.rc [v1.11.3]
    24 | D:1      | HP: 2/13 [ball python (2)]
   118 | D:1      | Reached skill level 1 in Short Blades
   209 | D:1      | Gained mutation: Your demonic aura sometimes causes spilled
                  | blood to erupt in flames. [demonic ancestry]
   209 | D:1      | Reached XP level 2. HP: 13/19 MP: 5/5
   212 | D:1      | Learned a level 2 spell: Ensorcelled Hibernation
   249 | D:1      | HP: 3/19 [kobold/+0 short sword (4)]
   251 | D:1      | Frozen to death by an endoplasm

Vanquished Creatures
  2 ball pythons (D:1)
  A bat (D:1)
  An endoplasm (D:1)
  A giant cockroach (D:1)
  2 hobgoblins (D:1)
  A kobold (D:1)
  A frilled lizard (D:1)
9 creatures vanquished.

Table legend:
 A = Non-vault XP
 B = Vault XP
 C = Vault XP percentage of total XP
 D = Non-vault monster count
 E = Vault monster count
 F = Vault count percentage of total count
                 A         B        C        D         E       F
            +---------+---------+-------+---------+---------+-------
      Total |      17 |       0 |   0.0 |       9 |       0 |   0.0
            +---------+---------+-------+---------+---------+-------
        D:1 |      17 |       0 |   0.0 |       9 |       0 |   0.0
            +---------+---------+-------+---------+---------+-------

Skill      XL: |  1 |
---------------+----+-----
Short Blades   | 1 |  1.3
Dodging        | |  1.7
Stealth        | |  2.8
Spellcasting   | |  2.1
Hexes          | |  3.2

Action                     || total
---------------------------++-------
  Melee: Dagger            ||    49
         Punch             ||     1
   Cast: Ensorcelled Hiber ||     1
   Stab: Sleeping          ||     1
 Armour: Robe              ||    29
  Dodge: Dodged            ||    31

Illustrated notes

Table legend:
 A = Kills in this place as a percentage of kills in the entire game.
 B = Kills by you in this place as a percentage of kills by you in the entire game.
 C = Kills by friends in this place as a percentage of kills by friends in the entire game.
 D = Other kills in this place as a percentage of other kills in the entire game.
 E = Experience gained in this place as a percentage of experience gained in the entire game.
 F = Experience gained in this place divided by the number of levels of this place that you have seen.
                   A       B       C       D       E      F
               +-------+-------+-------+-------+-------+----------------------
         Total | 100.0 | 100.0 |   N/A |   N/A | 100.0 |  17.0
       Dungeon | 100.0 | 100.0 |   N/A |   N/A | 100.0 |  17.0
               +-------+-------+-------+-------+-------+----------------------

Table legend: (Time is in decaauts)
 A = Elapsed time spent in this place.
 B = Non-inter-level travel time spent in this place.
 C = Inter-level travel time spent in this place.
 D = Time resting spent in this place.
 E = Time spent auto-exploring this place.
 F = Levels seen in this place.
 G = Mean time per level.
                   A        B        C        D        E       F      G
               +--------+--------+--------+--------+--------+-----+--------+
         Total |    248 |    248 |      0 |     70 |     83 |   1 |  248.0 |
       Dungeon |    248 |    248 |      0 |     70 |     83 |   1 |  248.0 |
               +--------+--------+--------+--------+--------+-----+--------+

Top non-repeatable levels by time:
     D:1: 248 daAuts
